 Dungeon Crawl Stone Soup version 0.29.0-11-gd7f09526c8 (webtiles) character file.

Game seed: 17368648863239751217

3029 robertstho the Sneak (level 9, -3/40 (49) HPs)
             Began as a Vine Stalker Berserker on Sept 2, 2022.
             Was a High Priest of Trog.
             Slain by an orc knight
             ... wielding a +0 halberd
              (22 damage)
             ... in a bailey.
             The game lasted 00:09:39 (6914 turns).

robertstho the Sneak (Vine Stalker Berserker)       Turns: 6914, Time: 00:09:39

HP:   -3/40 (49)    AC: 15    Str: 25    XL:     9   Next: 86%
MP:   0/10          EV:  7    Int:  7    God:    Trog [*****.]
Gold: 299           SH:  0    Dex: 10    Spells: 8/8 levels left

rFire   + + .      SeeInvis +   n - +8 rapier of Dim Light {elec, rF++ Dex-3 SInv}
rCold   . . .      Faith    .   (no shield)
rNeg    . . .      Spirit   +   p - +0 plate armour
rPois   .          Reflect  .   v - +0 helmet
rElec   .          Harm     .   (no cloak)
rCorr   .          Rampage  .   h - +0 pair of gloves
Will    +....                   j - +0 pair of boots
Stlth   ..........              (no amulet)
HPRegen 0.93/turn               l - ring of see invisible
MPRegen 0.12/turn               (no ring)

@: heavily drained
A: fangs 3, regeneration 1, magic shield, antimagic bite, no potion heal 2
a: Renounce Religion, Berserk, Trog's Hand, Brothers in Arms


You were in a bailey.
You worshipped Trog.
Trog was extremely pleased with you.
You visited 1 branch of the dungeon, and saw 7 of its levels.
You also visited: Sewer and Bailey.

You collected 403 gold pieces.
You spent 104 gold pieces at shops.

Inventory:

Hand Weapons
 n - the +8 rapier of Dim Light (weapon) {elec, rF++ Dex-3 SInv}
   (You found it in a sewer)

   It occasionally discharges a powerful burst of electricity upon striking a
   foe.
   Dex:       It affects your dexterity (-3).
   rF:        It greatly protects you from fire.
   SInv:      It lets you see invisible.
Missiles
 w - 3 throwing nets (quivered)
Armour
 h - a +0 pair of gloves (worn)
 j - a +0 pair of boots (worn)
 p - a +0 plate armour (worn)
 v - a +0 helmet (worn)
Jewellery
 l - a ring of see invisible (left hand)
Wands
 x - a wand of paralysis (16)
Scrolls
 a - 4 scrolls of teleportation
 d - a scroll of enchant armour {unknown}
 e - 2 scrolls of blinking
 f - 2 scrolls of silence
 m - 2 scrolls of enchant weapon
 o - 2 scrolls of poison
 s - a scroll of acquirement {unknown}
 t - a scroll of torment {unknown}
 u - 2 scrolls of fear {unknown}
 y - 2 scrolls of identify
Potions
 b - a potion of resistance {unknown}
 c - a potion of mutation
 g - 7 potions of curing
 i - 4 potions of invisibility
 k - 3 potions of heal wounds {unknown}
 q - 3 potions of attraction
 r - 2 potions of might {unknown}
 z - a potion of haste {unknown}


   Skills:
 * Level 6.3 Fighting
 + Level 6.4 Short Blades
 + Level 4.6 Armour
 + Level 2.5 Dodging
 * Level 7.0 Stealth
 + Level 5.8 Unarmed Combat


You had 8 spell levels left.
You didn't know any spells.
Your spell library was empty.

Dungeon Overview and Level Annotations

Branches:
Dungeon (7/15)              Sewer (visited)          Bailey (1/1)
 Temple: D:4-7

Altars:
Ashenzari
Fedhas
Gozag
Hepliaklqana
Nemelex Xobeh
Trog
Vehumet
The Shining One

Shops:
D:2 *


Innate Abilities, Weirdness & Mutations

You have razor-sharp teeth.
Your natural rate of healing is unusually fast.
When hurt, damage is shared between your health and your magic reserves.
Your bite disrupts and absorbs the magic of your enemies.
Potions cannot restore your health.


Message History

No target in view!
No target in view!
You open the door.
There is an open door here.
You open the door.
A gnoll comes into view.
It is wielding a +2 halberd of electrocution.
The gnoll shouts!
The gnoll closely misses you.
A gnoll is nearby!
A gnoll is nearby!
A gnoll is nearby!
A gnoll is nearby!
The gnoll hits you but does no damage.
There is an open door here.
You barely miss the gnoll. The gnoll hits you but does no damage.
You hit the gnoll.
The gnoll is lightly wounded.
The gnoll closely misses you.
You puncture the gnoll!
You kill the gnoll!
Trog accepts your kill.
No target in view!
No target in view!
You see here a +2 halberd of electrocution.
You open the door.
An orc knight and 3 gnolls come into view.
A gnoll is wielding a +2 halberd of electrocution.
A gnoll is wielding a +3 halberd of draining.
A gnoll is wielding a +0 halberd of electrocution.
The gnoll shouts!
The orc knight shouts!
The gnoll shouts!
Found seven items.
There are monsters nearby!
There are monsters nearby!
There are monsters nearby!
Found 2 potions of mutation, 2 fuming golden potions and a yellow potion.
The orc knight hits you from afar with a +0 halberd!
The gnoll hits you from afar with a +2 halberd of electrocution!
There is an open door, spattered with blood here.
The gnoll hits you with a +0 halberd of electrocution!
The orc knight hits you with a +0 halberd!!
Ouch! That really hurt!
You die...

##### ### ###
##)'.###)###.#
+##+##'###'##'##'##
#!.gg@## ##.....##
#.!.go# #.....###
+!.⌠.!+ +..⌠.)'.#
#.!.!.# #.....###
#!.!.!# #.....##
+##+##+# #'##+##'##
#g#.# ##)# #####
### #'#
##)#)###)###.#


You could see an orc knight and 3 gnolls.

Vanquished Creatures
  Grinder (D:5)
  An orc warrior (D:5)
  An ice beast (D:5)
  A sky beast (D:7)
  5 ogres
  A phantom (D:4)
  3 centaurs (D:5)
  A kobold brigand (D:4)
  3 bullfrogs
  2 necrophages
  3 scorpions (D:5)
  3 wights (D:7)
  4 killer bees (D:7)
  2 jellies
  4 orc priests
  3 hounds
  4 iguanas
  Terence (D:3)
  3 orc wizards (D:5)
  10 gnolls
  14 adders
  2 shadow imps
  2 white imps
  An ufetubus (D:6)
  4 worms
  3 dart slugs (D:4)
  33 orcs
  16 endoplasms
  16 giant cockroaches
  8 goblins
  10 hobgoblins
  7 jackals (D:1)
  10 quokkas
  19 ball pythons
  5 bats (D:1)
  12 frilled lizards
  10 kobolds
  11 rats
239 creatures vanquished.

Vanquished Creatures (others)
  5 plants (D:4)
5 creatures vanquished.

Grand Total: 244 creatures vanquished

Notes
Turn   | Place    | Note
-------+----------+-------------------------------------------
     0 | D:1      | robertstho the Vine Stalker Berserker began the quest for
                  | the Orb.
     0 | D:1      | Reached XP level 1. HP: 11/11 MP: 2/2
   347 | D:1      | Reached XP level 2. HP: 8/16 MP: 1/3
   807 | D:1      | Reached skill level 1 in Stealth
  1218 | D:1      | Reached XP level 3. HP: 20/20 MP: 4/4
  1730 | D:2      | Found a faded altar of an unknown god.
  2161 | D:2      | Gained mutation: Your natural rate of healing is unusually
                  | fast. [Vine Stalker growth]
  2161 | D:2      | Reached XP level 4. HP: 24/24 MP: 5/5
  2196 | D:2      | Reached ** piety under Trog
  2232 | D:2      | Found Fazi's General Store.
  2237 | D:2      | Bought a scroll of teleportation for 39 gold pieces
  2237 | D:2      | Bought a scroll of identify for 26 gold pieces
  2370 | D:2      | Reached skill level 2 in Stealth
  2460 | D:2      | Bought a potion of lignification for 39 gold pieces
  2617 | D:3      | Found a bloodstained altar of Trog.
  2675 | D:3      | Noticed Terence
  2690 | D:3      | Killed Terence
  2691 | D:3      | Reached XP level 5. HP: 20/28 MP: 2/6
  3008 | D:3      | Found a glowing drain.
  3012 | Sewer    | Entered a sewer
  3185 | Sewer    | Reached *** piety under Trog
  3246 | Sewer    | Reached skill level 3 in Stealth
  3247 | Sewer    | Reached XP level 6. HP: 33/33 MP: 5/7
  3371 | Sewer    | Reached skill level 5 in Unarmed Combat
  3389 | Sewer    | Identified the +8 rapier of Dim Light {elec, rF++ Dex-3
                  | SInv}
  3703 | D:3      | Found a glowing golden altar of the Shining One.
  3704 | D:3      | Found a hazy altar of Hepliaklqana.
  3706 | D:3      | Found a blossoming altar of Fedhas.
  3861 | D:4      | Reached XP level 7. HP: 37/37 MP: 8/8
  3906 | D:4      | Reached **** piety under Trog
  4103 | D:4      | Found a broken altar of Ashenzari.
  4234 | D:4      | Reached skill level 4 in Stealth
  4334 | D:4      | Found a sparkling altar of Nemelex Xobeh.
  4410 | D:4      | Reached skill level 1 in Short Blades
  4504 | D:4      | Gained mutation: You have razor-sharp teeth. [Vine Stalker
                  | growth]
  4504 | D:4      | Reached XP level 8. HP: 26/42 MP: 7/9
  4927 | D:5      | Entered Level 5 of the Dungeon
  4977 | D:5      | Found an opulent altar of Gozag.
  5063 | D:5      | Noticed Grinder
  5073 | D:5      | Killed Grinder
  5074 | D:5      | Reached skill level 5 in Stealth
  5103 | D:5      | Reached ***** piety under Trog
  5165 | D:5      | Reached skill level 5 in Fighting
  5268 | D:5      | Reached XP level 9. HP: 46/47 MP: 10/10
  5450 | D:5      | Reached skill level 6 in Stealth
  5817 | D:6      | Reached skill level 5 in Short Blades
  6554 | D:7      | Found a radiant altar of Vehumet.
  6731 | D:7      | Found a flagged portal.
  6740 | D:7      | Identified the +9 short sword of the Dragonfly {vorpal, rN+
                  | SInv} (Trog gifted it to you on level 7 of the Dungeon)
  6740 | D:7      | Received a gift from Trog
  6759 | Bailey   | Entered a bailey
  6901 | Bailey   | Reached skill level 7 in Stealth
  6912 | Bailey   | Noticed an orc knight
  6914 | Bailey   | Slain by an orc knight

Illustrated notes

Levels and vault maps discovered:
D:1:      co_arrival_two_rings, layout_loops_corners
D:2:      layout_loops_ring, chequers_ecumenical_altar_island, serial_shops,
          nicolae_shop_hallway_plus, minmay_misc_feat_pillars,
          minmay_misc_feat_x, minmay_misc_feat_enclosed
D:3:      layout_loops_cross, grunt_temple_overflow_open, trog_butcher_becter,
          gup_sewer_entry_spiral, uniq_terence
D:4:      minmay_clustersquares, layout_gridville, mainiacjoe_overflow_brackets,
          nicolae_ashenzari_panopticon, grunt_ministairs_5,
          lexackson_kobold_supper
D:5:      layout_loops_ring, grunt_gozag_breadcrumbs, grunt_tough_drop,
          uniq_grinder
D:6:      layout_basic
D:7:      layout_loops_cross, mainiacjoe_overflow_tiny_flanked,
          mainiacjoe_overflow_six_doors_small, minmay_temple_entry_overgrown,
          enter_bailey_5
Bailey:   bailey_polearm_nasty_gnolls, bailey

Skill      XL: |  1  2  3  4  5  6  7  8  9 |
---------------+----------------------------+-----
Fighting       | 3 4 5 6 |  6.3
Stealth        | 1 2 3 4 5 7 |  7.0
Dodging        | 2 |  2.5
Unarmed Combat | 4 5 |  5.8
Armour         | 2 3 4 |  4.6
Short Blades   | 1 4 6 |  6.4

Action                   |  1- 3 |  4- 6 |  7- 9 || total
-------------------------+-------+-------+-------++-------
Melee: Unarmed           |   129 |   274 |       ||   403
       Bite              |    23 |    54 |    48 ||   125
       Punch             |     3 |     3 |    10 ||    16
       Rapier            |       |    16 |   254 ||   270
Invok: Berserk           |     3 |     3 |     4 ||    10
  Use: Scroll            |       |     8 |     1 ||     9
 Stab: Sleeping          |     5 |       |       ||     5
Armor: Animal skin       |    33 |       |       ||    33
       Chain mail        |     9 |   129 |    42 ||   180
       Plate armour      |       |       |   115 ||   115
Dodge: Dodged            |    99 |   114 |   105 ||   318
